 Dungeon Crawl Stone Soup version 0.25.1-8-g42b30a86e7 (webtiles) character file.

Game seed: 15846739920608777264

114 Clowwww the Shield-Bearer (level 4, 0/35 HPs)
             Began as a Demonspawn Fighter on Dec 20, 2020.
             Slain by Grinder (4 damage)
             ... on level 3 of the Dungeon.
             The game lasted 00:03:20 (1553 turns).

Clowwww the Shield-Bearer (Demonspawn Fighter)      Turns: 1553, Time: 00:03:21

Health: 0/35       AC:  6    Str: 18    XL:     4   Next: 66%
Magic:  0/4        EV:  7    Int:  9    God:
Gold:   65         SH:  9    Dex: 12    Spells: 3/3 levels left

rFire    . . .     SeeInvis .   a - +0 war axe
rCold    . . .     Gourm    .   c - +0 kite shield
rNeg     . . .     Faith    .   b - +0 scale mail
rPois    .         Spirit   +   (no helmet)
rElec    .         Reflect  .   (no cloak)
rCorr    .         Harm     .   (no gloves)
MR       .....                  (no boots)
Stlth    ..........             e - amulet of guardian spirit
HPRegen  0.11/turn              (no ring)
MPRegen  0.09/turn              (no ring)

@: no status effects
A: talons 1, powered by pain 1
a: no special abilities


You were on level 3 of the Dungeon.
You were not hungry.

You visited 1 branch of the dungeon, and saw 3 of its levels.

You collected 65 gold pieces.

Inventory:

Hand Weapons
 a - a +0 war axe (weapon)
Missiles
 g - 2 throwing nets (quivered)
Armour
 b - a +0 scale mail (worn)
 c - a +0 kite shield (worn)
Jewellery
 e - an amulet of guardian spirit (around neck)
Scrolls
 d - a scroll of blinking {unknown}
 h - a scroll of noise {unknown}
 l - a scroll of identify {unknown}
 m - a scroll of magic mapping {unknown}
 n - a scroll of enchant armour {unknown}
 o - a scroll of fear {unknown}
Potions
 i - a potion of degeneration {unknown}
 j - a potion of magic {unknown}
 k - a potion of flight {unknown}
Comestibles
 f - 6 rations


   Skills:
 + Level 3.5 Fighting
 + Level 2.7 Axes
 + Level 3.2 Armour
 + Level 0.2 Dodging
 + Level 0.1 Stealth
 + Level 3.6 Shields


You had 3 spell levels left.
You didn't know any spells.
Your spell library was empty.

Dungeon Overview and Level Annotations

Branches:
Dungeon (3/15)

Altars:
The Shining One

Annotations:
D:3 Grinder


Innate Abilities, Weirdness & Mutations

You have sharp toenails.
You sometimes gain a little power by taking damage.


Message History

Okay, then.
You slash Grinder! Your kick misses Grinder.
Grinder is heavily wounded.
You block Grinder's attack.
You hit Grinder. You claw Grinder, but do no damage.
Grinder is heavily wounded.
You block Grinder's attack. Grinder hits you.
You writhe in agony.
* * * LOW HITPOINT WARNING * * *
You hit Grinder but do no damage. You claw Grinder.
Grinder is heavily wounded.
Grinder hits you.
* * * LOW HITPOINT WARNING * * *
You writhe in agony.
* * * LOW HITPOINT WARNING * * *
You closely miss Grinder. Your kick misses Grinder.
Grinder is heavily wounded.
Grinder hits you but does no damage. Grinder hits you.
* * * LOW HITPOINT WARNING * * *
You writhe in agony.
You die...

........###.#
............#
#.####..#####
..........#
#.#.#####.#
#.# #.# #.#
#5# #.# #.#
#@#####.#
#.5.....#
#.........#.#
...#.#######.#
. ... #.# ##.
..# ## ###


You could see Grinder.

Vanquished Creatures
  Robin (D:2)
  4 adders (D:2)
  A worm (D:2)
  A dart slug (D:2)
  A leopard gecko (D:2)
  An orc (D:2)
  6 bats
  6 giant cockroaches
  12 goblins
  5 hobgoblins
  3 jackals (D:1)
  A quokka (D:2)
  2 ball pythons (D:2)
  A frilled lizard (D:2)
  5 kobolds
  6 rats
56 creatures vanquished.

Notes
Turn   | Place    | Note
-------+----------+-------------------------------------------
     0 | D:1      | Clowwww the Demonspawn Fighter began the quest for the Orb.
     0 | D:1      | Reached XP level 1. HP: 18/18 MP: 1/1
   326 | D:1      | Gained mutation: You have sharp toenails. [demonic
                  | ancestry]
   326 | D:1      | Reached XP level 2. HP: 24/24 MP: 2/2
   684 | D:1      | Gained mutation: You sometimes gain a little power by
                  | taking damage. [demonic ancestry]
   684 | D:1      | Reached XP level 3. HP: 24/29 MP: 3/3
   794 | D:2      | Found a glowing golden altar of the Shining One.
  1084 | D:2      | Reached XP level 4. HP: 35/35 MP: 4/4
  1090 | D:2      | Found a faded altar of an unknown god.
  1267 | D:2      | Noticed Robin
  1278 | D:2      | Killed Robin
  1532 | D:3      | Noticed Grinder
  1532 | D:3      | Paralysed by Grinder for 5 turns
  1553 | D:3      | Slain by Grinder

Illustrated notes

Levels and vault maps discovered:
D:1:      saegor_arrival_simple_c, layout_basic
D:2:      layout_rooms, lemuel_crystal_altar, first_ration,
          chequers_ecumenical_altar_simple, uniq_robin
D:3:      layout_loops_ring, gammafunk_temple_of_torment, uniq_grinder

Skill      XL: |  1  2  3 |
---------------+----------+-----
Shields        | 3 |  3.6
Axes           | 2 |  2.7
Armour         | 3 |  3.2
Fighting       | |  3.5
Dodging        | |  0.2
Stealth        | |  0.1

Action                   |  1- 3 |  4- 6 || total
-------------------------+-------+-------++-------
Melee: War axe           |   104 |    32 ||   136
       Kick              |    24 |    13 ||    37
  Use: Potion            |       |     1 ||     1
  Eat: Chunk             |     1 |     1 ||     2
Armor: Scale mail        |    52 |    21 ||    73
Dodge: Dodged            |    39 |    18 ||    57
Block: Kite shield       |    55 |    23 ||    78
